 Dungeon Crawl Stone Soup version 0.19.0-24-gb05acd6 (webtiles) character file.

70534 Eviona the Warrior (level 14, -2/205 HPs)
             Began as a Pale Draconian Conjurer on Nov 21, 2016.
             Was a High Priest of Ashenzari.
             Slain by a hornet (10 damage)
             ... created by a shambling mangrove
             ... on level 2 of the Swamp.
             The game lasted 02:21:32 (43055 turns).

Eviona the Warrior (Pale Draconian Conjurer)       Turns: 43055, Time: 02:21:32

Health: -2/205     AC: 13    Str: 22    XL:     14   Next: 94%
Magic:  12/17      EV: 18    Int: 16    God:    Ashenzari [*****.]
Gold:   1506       SH:  0    Dex: 16    Spells: 4 memorised, 5 levels left

rFire  + . .     SeeInvis +     n - +1 long sword "Ampom" {flame, rF+ MR+ Str+2} (curse)
rCold  . . .     Gourm    .     (armour unavailable)
rNeg   . . .     Faith    .     (no shield)
rPois  +         Spirit   .     E - +1 hat (curse)
rElec  .         Reflect  .     u - +1 cloak (curse)
rCorr  .         Harm     .     v - +0 pair of gloves (curse)
MR     ++...     Clarity  +     c - +0 pair of boots (curse)
Stlth  ..........               (no amulet)
                                A - ring of poison resistance (curse)
                                t - +4 ring of strength (curse)

@: berserking, grasped by roots, very quick
A: breathe steam, unfitting armour, cold-blooded, AC +8
a: Breathe Steam, Curse Item, Scrying, Transfer Knowledge, Renounce Religion


You were on level 2 of the Swamp.
You worshipped Ashenzari.
Ashenzari was extremely pleased with you.
You were near starving.

You visited 5 branches of the dungeon, and saw 27 of its levels.

You collected 1506 gold pieces.

Inventory:

Hand Weapons
 n - the cursed +1 long sword "Ampom" (weapon) {flame, rF+ MR+ Str+2}
   (You found it on level 4 of the Dungeon)

   It has been specially enchanted to burn those struck by it, causing extra
   injury to most foes and up to half again as much damage against particularly
   susceptible opponents.
   Big, fiery blades are also staple armaments of hydra-hunters.
   It affects your strength (+2).
   It protects you from fire.
   It affects your resistance to hostile enchantments.
   It has a curse placed upon it.
 S - the +9 falchion of Wauwish {slice, +Blink rElec rF-}
   (You found it on level 2 of the Swamp)

   It inflicts extra damage upon your enemies.
   It makes you vulnerable to fire.
   It insulates you from electricity.
   It lets you blink.
Missiles
 K - 3 throwing nets (quivered)
Armour
 c - a cursed +0 pair of boots (worn)
 u - a cursed +1 cloak (worn)
 v - a cursed +0 pair of gloves (worn)
 w - a +2 pair of boots
 E - a cursed +1 hat (worn)
Jewellery
 h - an uncursed ring of ice
 t - a cursed +4 ring of strength (left hand)
 z - an uncursed ring of magical power
 A - a cursed ring of poison resistance (right hand)
 Q - an uncursed ring of ice
Scrolls
 e - 6 scrolls of identify
 k - 3 scrolls of recharging
 m - 4 scrolls of teleportation
 p - 2 scrolls of fog
 q - 2 scrolls of magic mapping
 r - 2 scrolls of remove curse
 s - 5 scrolls of fear
 y - a scroll of amnesia
 B - a scroll of enchant weapon {unknown}
 G - a scroll of immolation {unknown}
 I - a scroll of acquirement {unknown}
 J - 2 scrolls of blinking
Potions
 d - 4 potions of brilliance
 g - 2 potions of haste
 i - 2 potions of lignification
 j - 2 potions of magic
 o - 3 potions of flight
 x - a potion of agility
 D - 3 potions of heal wounds
 F - 4 potions of curing
 N - a potion of might {unknown}
 O - a potion of mutation {unknown}
Books
 a - a book of Conjurations

   Spells                             Type                      Level
   a - Magic Dart                     Conjuration                  1
   b - Searing Ray                    Conjuration                  2
   c - Dazzling Spray                 Conjuration/Hexes            3
   d - Fulminant Prism                Conjuration/Hexes            4
   e - Iskenderun's Mystic Blast      Conjuration                  4
   f - Iskenderun's Battlesphere      Conjuration/Charms           5
 C - a book of Necromancy

   Spells                             Type                      Level
   a - Pain                           Necromancy                   1
   b - Animate Skeleton               Necromancy                   1
   c - Vampiric Draining              Necromancy                   3
   d - Regeneration                   Charms/Necromancy            3
   e - Animate Dead                   Necromancy                   4
   f - Control Undead                 Necromancy                   4
 L - a book of Geomancy

   Spells                             Type                      Level
   a - Sandblast                      Earth                        1
   b - Passwall                       Transmutation/Earth          2
   c - Stone Arrow                    Conjuration/Earth            3
   d - Petrify                        Transmutation/Earth          4
   e - Lee's Rapid Deconstruction     Earth                        5
 M - a book of Misfortune

   Spells                             Type                      Level
   a - Confusing Touch                Hexes                        1
   b - Confuse                        Hexes                        3
   c - Gell's Gravitas                Hexes/Translocation          3
   d - Petrify                        Transmutation/Earth          4
   e - Metabolic Englaciation         Hexes/Ice                    5
   f - Yara's Violent Unravelling     Hexes/Transmutation          5
 P - a book of Callings

   Spells                             Type                      Level
   a - Summon Small Mammal            Summoning                    1
   b - Call Imp                       Summoning                    2
   c - Call Canine Familiar           Summoning                    3
   d - Summon Guardian Golem          Hexes/Summoning              3
   e - Summon Lightning Spire         Summoning/Air                4
   f - Summon Ice Beast               Ice/Summoning                4
Comestibles
 b - 13 bread rations
 f - 6 slices of pizza
 H - 2 fruits


   Skills:
 + Level 16.2 Fighting
 - Level 10.2(14.0) Long Blades
 - Level 14.6(18.1) Dodging
 - Level 1.7(4.5) Stealth
 - Level 2.0 Spellcasting
 - Level 8.0(10.6) Conjurations
 - Level 7.3(10.0) Charms


You had 5 spell levels left.
You knew the following spells:

 Your Spells              Type           Power        Failure   Level  Hunger
a - Magic Dart            Conj           ####         1%          1    #......
b - Searing Ray           Conj           #####.       1%          2    ###....
c - Iskenderun's Battles  Conj/Chrm      ####....     12%         5    ######.
d - Iskenderun's Mystic   Conj           #####...     2%          4    #####..


Dungeon Overview and Level Annotations

Branches:
Dungeon (14/15)            Temple (1/1) D:4            Lair (6/6) D:8
  Swamp (4/4) Lair:2       Spider (0/4) Lair:3        Slime (0/5) Lair:6
    Orc (2/2) D:12
    Elf: Orc:2       Vaults: D:13-14

Altars:
Ashenzari
Cheibriados
Dithmenos
Elyvilon
Fedhas
Gozag
Hepliaklqana
Kikubaaqudgha
Makhleb
Nemelex Xobeh
Okawaru
Qazlal
Ru
Sif Muna
Trog
Uskayaw
Vehumet
Xom
Yredelemnul
Zin
The Shining One
Jiyva

Shops:
D:4 !   D:7 :

Annotations:
D:4 Sigmund
D:5 kitsy2's ghost, novice CeHu
D:8 Gastronok
D:12 Fannar
Lair:3 Mitch's ghost, journeyman TrMo
Lair:5 1 exclusion
Swamp:3 Nikola


Innate Abilities, Weirdness & Mutations

You can breathe blasts of scalding, opaque steam.
Your pale cyan-grey scales are hard. (AC +8)
You cannot fit into any form of body armour.
You are cold-blooded and may be slowed by cold attacks.


Message History

The hornet closely misses you.
You riposte.
You closely miss the hornet. The shambling mangrove misses you.
The hornet closely misses you. The shambling mangrove hits you!!
* * * LOW HITPOINT WARNING * * *
Okay, then.
Okay, then.
Okay, then.
A red film seems to cover your vision as you go berserk!
You feel yourself moving faster!
You feel mighty! The hornet closely misses you.
The shambling mangrove hits you!!
* * * LOW HITPOINT WARNING * * *
The hornet completely misses you.
You riposte.
You slash the hornet! You burn the hornet.
Your tail-slap misses the hornet.
The hornet is moderately wounded.
You barely miss the hornet.
Your tail-slap misses the hornet.
The hornet is moderately wounded.
You barely miss the hornet.
The hornet is moderately wounded.
The hornet stings you!
You die...

≈≈≈(7 7≈.≈≈≈≈≈≈....≈.O77
≈≈≈≈77777.≈≈≈≈≈≈≈≈.......77
...≈≈7.....≈≈≈.......7≈.≈.77
###....≈..≈..≈≈≈≈..≈O..≈≈..7 #
#....[[..≈.≈.≈≈≈O....≈≈≈≈7
#..###.....≈≈≈....7777≈..7777
##.+...#.≈.≈≈≈...≈≈....≈≈...77
###..#.#....≈≈≈≈yf..≈≈≈≈.≈≈≈≈≈>77
.....#...#..≈≈≈≈@%≈...≈≈.≈≈≈≈≈≈..
.....#....≈.≈...77777..≈≈≈77≈≈...
.###.#.#...≈≈≈≈.7≈77777..≈O.≈77.≈
####.....#...≈≈.≈77..7777≈≈≈.≈.≈≈
#..###.#.....7777≈...77≈≈≈≈7≈≈≈ #
##.......O.≈≈....77777≈...777.≈
###≈≈..7..≈.≈≈≈≈≈....7777.≈.777(.
.....≈7≈7.≈≈≈≈.≈...≈≈≈777≈≈≈.7≈..
≈≈≈≈≈.....≈≈≈≈≈777≈...≈77≈≈≈..≈≈.


You could see a shambling mangrove and a hornet.

Vanquished Creatures
  Kirke (Lair:6)
  A thorn hunter (Swamp:2)
  Snorg (Lair:4)
  9 hydras
  Harold (Lair:4)
  A centaur warrior (D:12)
  2 alligators (Swamp:2)
  A spriggan druid (Swamp:2)
  3 skeletal warriors
  2 swamp dragons
  4 hill giants
  Pikel (D:6)
  5 ugly things
  An orc sorcerer (Orc:1)
  A deep elf mage (D:12)
  A manticore (D:12)
  2 black mambas
  A centaur zombie (D:12)
  5 elephants
  14 spiny frogs
  3 rime drakes
  6 komodo dragons
  A kobold demonologist (D:8)
  An efreet (D:13)
  An ice devil (D:13)
  5 trolls
  3 tyrant leeches
  A hornet (D:8)
  2 polar bears (Lair:6)
  2 two-headed ogres
  A bog body (Swamp:2)
  24 blink frogs
  12 dream sheep
  6 hippogriffs
  41 yaks
  A vampire (D:10)
  8 hogs
  2 wraiths (D:13)
  5 wyverns
  A fire elemental (Lair:5)
  A human (D:7)
  11 vampire mosquitoes
  4 hungry ghosts
  2 basilisks
  20 swamp worms
  Menkaure (D:4)
  9 insubstantial wisps
  2 mottled dragons
  14 water moccasins
  Duvessa (D:7)
  11 porcupines
  9 orc warriors
  5 sky beasts
  3 phantoms
  4 ice beasts
  2 slaves (D:7)
  4 black bears
  An eye of draining (D:12)
  8 ogres
  11 wolves
  8 necrophages
  10 centaurs
  9 crocodiles
  2 big kobolds (D:8)
  18 bullfrogs
  A gnoll sergeant (D:11)
  Blork the orc (D:6)
  Dowan (D:7)
  A water moccasin zombie (D:9)
  7 scorpions
  A water moccasin skeleton (D:10)
  15 killer bees
  24 wights
  4 howler monkeys
  An electric eel (Lair:5)
  6 crimson imps
  3 hounds
  A quasit (D:8)
  4 jellies
  10 orc wizards
  3 centaur skeletons
  10 orc priests
  3 bullfrog skeletons
  Ijyb (D:2)
  3 iguanas
  20 worker ants
  A hound zombie (D:11)
  3 hound skeletons
  A worker ant zombie (D:10)
  A howler monkey skeleton (D:4)
  5 gnolls
  7 adders
  2 shadow imps
  An ooze (D:5)
  12 worms
  An adder skeleton (D:8)
  2 adder zombies
  A ball lightning (D:13)
  5 dart slugs
  11 leopard geckos
  47 orcs
  5 ball pythons
  5 bats
  6 giant cockroaches
  8 goblins
  6 hobgoblins
  11 jackals
  2 kobolds
  5 quokkas
  7 frilled lizards
  A jackal zombie (D:5)
  A leopard gecko zombie (D:7)
  10 rats
  A plant (Lair:5)
641 creatures vanquished.

Vanquished Creatures (others)
  A bullfrog skeleton (D:13)
  2 orcs
  8 fungi
  14 plants
  3 toadstools (Swamp:2)
28 creatures vanquished.

Grand Total: 669 creatures vanquished

Notes
Turn   | Place    | Note
-------+----------+-------------------------------------------
     0 | D:1      | Eviona the Draconian Conjurer began the quest for the Orb.
     0 | D:1      | Reached XP level 1. HP: 14/14 MP: 3/3
    57 | D:1      | Reached skill level 1 in Fighting
   287 | D:1      | Reached XP level 2. HP: 21/24 MP: 1/5
   428 | D:1      | Reached skill level 2 in Fighting
   432 | D:1      | Learned a level 2 spell: Searing Ray
   991 | D:1      | Reached skill level 3 in Fighting
   991 | D:1      | Reached XP level 3. HP: 27/31 MP: 4/6
  1468 | D:2      | Noticed Ijyb
  1538 | D:2      | Found a stormy altar of Qazlal.
  2172 | D:2      | Reached XP level 4. HP: 38/38 MP: 4/7
  2200 | D:2      | Killed Ijyb
  2323 | D:2      | Reached skill level 5 in Conjurations
  2674 | D:2      | Found a blossoming altar of Fedhas.
  3223 | D:3      | Reached XP level 5. HP: 45/45 MP: 2/8
  3993 | D:3      | Learned a level 5 spell: Iskenderun's Battlesphere
  4177 | D:4      | Noticed Menkaure
  4287 | D:4      | Found a staircase to the Ecumenical Temple.
  4429 | D:4      | Found Vaatsoer's Distillery.
  4440 | Temple   | Entered the Ecumenical Temple
  4675 | Temple   | Became a worshipper of Ashenzari the Shackled
  4995 | D:4      | Reached XP level 6. HP: 40/51 MP: 1/9
  5129 | D:4      | Noticed Sigmund
  5688 | D:4      | Killed Menkaure
  5688 | D:4      | Your scales start taking on a pale cyan-grey colour.
  5688 | D:4      | Reached XP level 7. HP: 39/57 MP: 1/10
  5835 | D:4      | Reached skill level 1 in Charms
  5908 | D:4      | Got the cursed long sword "Ampom" {flame, rF+ MR+ Str+2}
  5909 | D:4      | Identified the cursed +1 long sword "Ampom" {flame, rF+ MR+ Str+2} (You found it on level 4 of the Dungeon)
  6062 | D:5      | Entered Level 5 of the Dungeon
  6540 | D:5      | Reached * piety under Ashenzari
  6550 | D:5      | Noticed kitsy2's ghost (novice CeHu)
  6816 | D:4      | Reached skill level 1 in Long Blades
  6816 | D:4      | Reached XP level 8. HP: 57/63 MP: 6/11
  7348 | D:6      | Reached skill level 5 in Long Blades
  7611 | D:6      | Noticed Blork the orc
  7945 | D:6      | Killed Blork the orc
  8355 | D:7      | Noticed Dowan
  8362 | D:7      | Noticed Duvessa
  8375 | D:6      | Reached XP level 9. HP: 55/69 MP: 3/12
  8762 | D:7      | Reached skill level 5 in Charms
  9239 | D:7      | Found Loewko's Book Boutique.
  9474 | D:7      | Noticed Pikel
  9641 | D:7      | Killed Duvessa
  9875 | D:7      | Killed Dowan
 10131 | D:7      | Found an iron altar of Okawaru.
 11111 | D:8      | Noticed Gastronok
 11157 | D:8      | Reached XP level 10. HP: 76/76 MP: 5/13
 11356 | D:6      | Killed Pikel
 11654 | D:8      | Reached skill level 10 in Long Blades
 11665 | D:8      | Found a staircase to the Lair.
 12737 | D:8      | Paralysed by a hornet for 3 turns
 12742 | D:8      | Paralysed by a hornet for 2 turns
 12748 | D:8      | HP: 4/114 [poisoned by a hornet]
 12752 | D:8      | HP: 1/76 [poisoned by a hornet]
 13526 | D:8      | Reached skill level 5 in Dodging
 13672 | Lair:1   | Entered Level 1 of the Lair of Beasts
 13764 | Lair:1   | Learned a level 4 spell: Iskenderun's Mystic Blast
 14470 | Lair:1   | Noticed a spiny frog
 14487 | Lair:1   | Killed a spiny frog
 14487 | Lair:1   | Reached skill level 4 in Fighting
 14517 | Lair:1   | HP: 4/80 [poisoned by a spiny frog]
 14773 | Lair:1   | Noticed a spiny frog
 14784 | Lair:1   | Killed a spiny frog
 14945 | Lair:1   | Reached skill level 5 in Fighting
 14994 | Lair:1   | Reached XP level 11. HP: 78/86 MP: 9/14
 15387 | Lair:2   | Reached skill level 6 in Fighting
 16030 | Lair:2   | Reached skill level 7 in Fighting
 16053 | Lair:2   | Found a staircase to the Swamp.
 16693 | Lair:2   | Reached skill level 8 in Fighting
 17161 | Lair:3   | Reached skill level 9 in Fighting
 17508 | Lair:2   | Reached skill level 10 in Fighting
 17987 | Lair:3   | Reached ** piety under Ashenzari
 18112 | Lair:3   | Found a hole to the Spider Nest.
 18216 | Lair:3   | Noticed Mitch's ghost (journeyman TrMo)
 18418 | Lair:3   | Identified the cursed -2 hat of the Dropbear {rN+ rCorr Slay+2}
 19388 | Lair:3   | Found a basalt altar of Yredelemnul.
 20234 | Lair:4   | Noticed Harold
 20234 | Lair:4   | Noticed Snorg
 20524 | Lair:4   | Reached XP level 12. HP: 38/106 MP: 2/15
 22099 | Lair:4   | Killed Snorg
 22376 | Lair:4   | Killed Harold
 22521 | Lair:4   | Noticed a six-headed hydra
 22530 | Lair:4   | Killed a four-headed hydra
 22530 | Lair:4   | Reached skill level 10 in Dodging
 22627 | Lair:4   | Noticed a six-headed hydra
 22643 | Lair:4   | Killed a four-headed hydra
 23096 | Lair:4   | Noticed a death yak
 23152 | Lair:4   | Noticed a death yak
 23153 | Lair:4   | Noticed a death yak
 23156 | Lair:4   | Noticed a death yak
 23475 | Lair:4   | Identified the +6 morningstar of Evolution {crush, Str+5}
 23546 | Lair:5   | Noticed a seven-headed hydra
 23560 | Lair:5   | Killed a six-headed hydra
 23951 | Lair:5   | Reached *** piety under Ashenzari
 24615 | Lair:4   | Noticed an eight-headed hydra
 25854 | D:9      | Found an opulent altar of Gozag.
 25940 | D:10     | Entered Level 10 of the Dungeon
 26595 | D:10     | Reached **** piety under Ashenzari
 26961 | D:11     | Noticed a six-headed hydra
 27621 | D:11     | Killed a two-headed hydra
 27805 | D:11     | Reached XP level 13. HP: 113/113 MP: 4/16
 30011 | D:12     | Found a shadowy altar of Dithmenos.
 30044 | D:12     | Noticed Fannar
 30565 | D:12     | Found a staircase to the Orcish Mines.
 32389 | Orc:1    | Entered Level 1 of the Orcish Mines
 32642 | Orc:1    | Reached ***** piety under Ashenzari
 32942 | Orc:1    | Paralysed by an orc sorcerer for 4 turns
 33395 | Orc:2    | Entered Level 2 of the Orcish Mines
 34007 | D:13     | Reached skill level 11 in Fighting
 35483 | Lair:4   | Reached skill level 12 in Fighting
 35483 | Lair:4   | Reached XP level 14. HP: 89/126 MP: 8/17
 37011 | Lair:6   | Entered Level 6 of the Lair of Beasts
 37129 | Lair:6   | Noticed Kirke
 37277 | Lair:5   | Reached skill level 13 in Fighting
 38459 | Lair:5   | Reached skill level 14 in Fighting
 38678 | Lair:6   | Identified the cursed +1 rapier of Maga {protect, rElec Str+2}
 38684 | Lair:6   | Found a viscous altar of Jiyva.
 38684 | Lair:6   | Found a staircase to the Slime Pits.
 38745 | Lair:6   | Killed Kirke
 39739 | Swamp:1  | Entered Level 1 of the Swamp
 39908 | Swamp:1  | Reached skill level 15 in Fighting
 41020 | Swamp:2  | Noticed a thorn hunter
 41487 | Swamp:2  | Killed a thorn hunter
 41973 | Swamp:2  | Identified the +9 falchion of Wauwish {slice, +Blink rElec rF-}
 42099 | Swamp:2  | Reached skill level 16 in Fighting
 42893 | Swamp:3  | Noticed Nikola
 43013 | Swamp:4  | Entered Level 4 of the Swamp
 43053 | Swamp:2  | HP: 8/205 [shambling mangrove (27)]
 43055 | Swamp:2  | Slain by a hornet

Skill      XL: |  1  2  3  4  5  6  7  8  9 10 11 12 13 14 |
---------------+-------------------------------------------+-----
Fighting       | 1 3 5 10 12 16 | 16.2
Conjurations   | 5 6 8 |  8.0
Charms         | 4 7 |  7.3
Long Blades    | 1 7 9 10 | 10.2
Dodging        | 7 9 12 14 | 14.6
Stealth        | |  1.7
Spellcasting   | |  2.0

Action                   |  1- 3 |  4- 6 |  7- 9 | 10-12 | 13-15 || total
-------------------------+-------+-------+-------+-------+-------++-------
Melee: Unarmed           |    79 |       |     8 |       |       ||    87
       Tailslap          |    10 |     3 |    29 |    90 |   263 ||   395
       Club              |    36 |    63 |       |       |       ||    99
       Long sword        |       |       |   217 |   441 |  1148 ||  1806
 Cast: Magic Dart        |    59 |    78 |   104 |   364 |   324 ||   929
       Searing Ray       |     6 |    19 |    34 |    67 |    36 ||   162
       Iskenderun's Batt |       |       |     8 |    61 |    56 ||   125
       Iskenderun's Myst |       |       |       |       |     7 ||     7
Invok: Curse Item        |       |     1 |     1 |     3 |       ||     5
 Abil: Breathe Steam     |       |       |       |       |     1 ||     1
  Use: Scroll            |       |       |       |    23 |     2 ||    25
       Potion            |       |       |       |     5 |     2 ||     7
 Stab: Sleeping          |       |       |     1 |     1 |     2 ||     4
       Distracted        |       |       |       |       |     2 ||     2
  Eat: Chunk             |     5 |    11 |    19 |    59 |    60 ||   154
       Fruit             |       |     3 |     2 |       |     7 ||    12
       Meat ration       |       |       |     1 |     4 |     2 ||     7
       Beef jerky        |       |       |     1 |     3 |     4 ||     8
       Pizza             |       |       |       |     6 |       ||     6
Armor: Skin              |    38 |    40 |   145 |   114 |   146 ||   483
Dodge: Dodged            |    92 |    89 |   200 |   440 |  1098 ||  1919
       Rpst.: Long sword |       |       |    49 |   118 |   322 ||   489
